 Dungeon Crawl Stone Soup version 0.19.3-1-g3169bf9 (webtiles) character file.

6551 ChocoTaco the Cleaver (level 10, -12/81 HPs)
             Began as a Deep Dwarf Berserker on Jan 25, 2017.
             Was a Priest of Trog.
             Mangled by a spiny frog (14 damage)
             ... on level 1 of the Lair of Beasts.
             The game lasted 00:20:38 (8658 turns).

ChocoTaco the Cleaver (Deep Dwarf Berserker)        Turns: 8658, Time: 00:20:38

Health: -12/81     AC: 11    Str: 22    XL:     10   Next: 70%
Magic:  10/10      EV: 10    Int: 10    God:    Trog [***...]
Gold:   434        SH:  3    Dex: 10    Spells: 0 memorised, 9 levels left

rFire  . . .     SeeInvis .     a - +1 hand axe
rCold  + . .     Gourm    .     y - +0 plate armour
rNeg   . . .     Faith    .     l - +0 buckler
rPois  .         Spirit   .     (helmet restricted)
rElec  .         Reflect  .     (no cloak)
rCorr  .         Harm     .     (no gloves)
MR     +++..                    q - +2 pair of boots
Stlth  ..........               (no amulet)
                                G - +4 ring of evasion
                                k - +2 ring of slaying

@: lethally poisoned (-12 -> -12), non-regenerating
A: damage resistance, recharge devices, claws 1, horns 1, iridescent scales 1,
clever 1, clumsy 1, cold resistance 1, deformed body, sense surroundings 2, slow
regeneration 3, weak 1
a: Device Recharging, Berserk, Trog's Hand, Burn Spellbooks, Renounce Religion


You were on level 1 of the Lair of Beasts.
You worshipped Trog.
Trog was most pleased with you.
You were very full.

You visited 2 branches of the dungeon, and saw 10 of its levels.
You also visited: Sewer.

You collected 612 gold pieces.
You spent 178 gold pieces at shops.

Inventory:

Hand Weapons
 a - a +1 hand axe (weapon)
 h - the +5 hand crossbow "Netot" {penet, *Drain rF++ Int+4 Dex-2}
   (You bought it in a shop on level 4 of the Dungeon)

   Ammo fired by it will pass through the targets it hits, potentially hitting
   all targets in its path until it reaches maximum range.
   It affects your intelligence (+4).
   It affects your dexterity (-2).
   It greatly protects you from fire.
   It causes draining when unequipped.
Missiles
 n - 49 bolts
Armour
 b - a +0 animal skin
 l - a +0 buckler (worn)
 q - a +2 pair of boots (worn)
 y - a +0 plate armour (worn)
 B - a +1 helmet
Jewellery
 k - a +2 ring of slaying (left claw)
 r - an uncursed ring of poison resistance
 x - an uncursed ring of flight
 G - a +4 ring of evasion (right claw)
Wands
 c - a wand of heal wounds (2/9)
 o - a wand of flame (26/48)
 w - a wand of flame (27/48)
 z - a wand of flame (10/48)
 C - a wand of random effects (34/48)
 M - a wand of paralysis (16/24)
 S - a wand of polymorph (11/24)
 T - a wand of lightning (2/15)
Scrolls
 m - 6 scrolls of remove curse
 p - 4 scrolls of noise
 s - 7 scrolls of magic mapping
 t - a scroll of recharging
 v - 2 scrolls of immolation
 F - 2 scrolls of enchant weapon
 O - a scroll of fog
Potions
 e - 7 potions of curing
 f - 3 potions of agility
 g - 2 potions of resistance
 i - 4 potions of heal wounds
 u - a potion of might {unknown}
 D - 2 potions of berserk rage {unknown}
 I - a potion of magic
 J - a potion of ambrosia {unknown}
 K - a potion of degeneration {unknown}
 L - a potion of cure mutation {unknown}
 R - a potion of haste {unknown}
 U - a potion of lignification {unknown}
Comestibles
 d - 15 bread rations
 j - 9 fruits
 A - a chunk of flesh
 H - a beef jerky


   Skills:
 - Level 2.6 Fighting
 + Level 14.7 Axes
 - Level 9.4 Crossbows
 - Level 2.1 Armour
 - Level 2.1 Dodging


You had 9 spell levels left.
You didn't know any spells.

Dungeon Overview and Level Annotations

Branches:
Dungeon (9/15)             Temple (0/1) D:6            Lair (1/6) D:9
    Orc (0/2) D:9

Altars:
Hepliaklqana
Kikubaaqudgha
Nemelex Xobeh
Qazlal
Uskayaw
Xom
The Shining One

Shops:
D:4 (


Innate Abilities, Weirdness & Mutations

You are resistant to damage.
You can recharge devices by infusing magical energy.
You passively map the area around you.
You do not regenerate.
You have sharp fingernails.
You have a pair of small horns on your head.
You are partially covered in iridescent scales. (AC +2)
Your mind is acute. (Int +2)
You are clumsy. (Dex -2)
Your flesh is cold resistant. (rC+)
Armour fits poorly on your strangely shaped body.
You are weak. (Str -2)


Message History

You hit the hippogriff. Your headbutt misses the hippogriff.
The hippogriff is lightly wounded.
You closely miss the spiny frog. The spiny frog stings you!
You are poisoned.
The spiny frog poisons you! You block the hippogriff's attack.
The hippogriff barely misses you. The hippogriff claws you.
* * * LOW HITPOINT WARNING * * *
You hit the hippogriff. You headbutt the hippogriff.
The hippogriff is moderately wounded.
Your shield and plate armour prevent you from hitting the spiny frog.
The spiny frog stings you!!
* * * LOW HITPOINT WARNING * * *
The hippogriff bites you but does no damage.
The hippogriff pecks you but does no damage.
The hippogriff claws you.
* * * LOW HITPOINT WARNING * * *
You hit the hippogriff. You headbutt the hippogriff.
The hippogriff is moderately wounded.
You hit the spiny frog. The spiny frog stings you!
You die...

**#.#.......... * *
###... ####...#.#### ,
......* ##...## ,
......### ##.## * * ,
......#.## #.# , ,, ,
,.......# #.# * **, ,
.....# #.## * * , ,
#HF.# #..# ,, #@#*
#..# * , #.# #.##
##.#####.##
##.....##..#
##.........##
#P.#.####.## * ##.#.#
#### , #..#.#P#.####
##. #
*,*##.#........≈≈≈..#.
#


You could see a hippogriff and a spiny frog.

Vanquished Creatures
  The ghost of ChocoTaco the Bludgeoner, a journeyman OgBe of Trog (Lair:1)
  A hippogriff (Lair:1)
  A spriggan (D:9)
  The ghost of FelipeSwartz the Chopper, an amateur DrWn of Xom (D:4)
  A hungry ghost (D:9)
  Menkaure (D:4)
  3 water moccasins
  2 hell hounds (D:9)
  3 porcupines (Lair:1)
  2 ice beasts
  5 sky beasts
  3 orc warriors
  An eye of draining (D:8)
  A phantom (D:7)
  5 ogres
  6 centaurs
  A necrophage (D:7)
  A crocodile (Sewer)
  A big kobold (D:8)
  2 scorpions
  4 killer bees (D:6)
  3 crimson imps
  A jelly (D:6)
  A bullfrog zombie (D:6)
  A centaur zombie (D:5)
  4 hounds
  A gnoll shaman (D:9)
  5 orc priests
  An iguana (D:5)
  16 orc wizards
  7 worker ants
  Natasha (twice) (D:2)
  A hound skeleton (D:6)
  A worker ant zombie (D:8)
  12 adders
  12 gnolls
  A howler monkey skeleton (D:9)
  A river rat (D:5)
  2 shadow imps
  2 oozes
  An adder skeleton (D:6)
  A worm (D:2)
  A dart slug (D:1)
  6 leopard geckos
  39 orcs
  2 ball pythons
  14 bats
  8 giant cockroaches
  3 goblins
  8 hobgoblins
  8 jackals
  4 quokkas
  6 frilled lizards
  8 kobolds
  10 rats
239 creatures vanquished.

Notes
Turn   | Place    | Note
-------+----------+-------------------------------------------
     0 | D:1      | ChocoTaco the Deep Dwarf Berserker began the quest for the Orb.
     0 | D:1      | Reached XP level 1. HP: 20/20 MP: 1/1
    97 | D:1      | Reached skill level 4 in Axes
    97 | D:1      | Reached XP level 2. HP: 25/27 MP: 2/2
   919 | D:1      | Reached XP level 3. HP: 16/33 MP: 3/3
  1125 | D:1      | Reached ** piety under Trog
  1377 | D:2      | Reached skill level 5 in Axes
  1439 | D:2      | Found a stormy altar of Qazlal.
  1549 | D:2      | Noticed Natasha
  1555 | D:2      | Killed Natasha
  1555 | D:2      | Reached XP level 4. HP: 32/40 MP: 4/4
  1608 | D:2      | Noticed Natasha
  1613 | D:2      | Killed Natasha
  1641 | D:2      | Reached skill level 6 in Axes
  2032 | D:3      | Reached XP level 5. HP: 43/46 MP: 5/5
  2539 | D:3      | Gained mutation: Your spells are a little harder to cast, but a little more powerful. [potion of beneficial mutation]
  2540 | D:3      | Gained mutation: Your mind is acute. (Int +2) [potion of beneficial mutation]
  2575 | D:4      | Reached skill level 7 in Axes
  2607 | D:4      | Noticed a sky beast
  2639 | D:4      | Killed a sky beast
  2639 | D:4      | Reached XP level 6. HP: 47/55 MP: 6/6
  2664 | D:4      | Found Sacav's Antique Weapon Shoppe.
  2676 | D:4      | Reached skill level 8 in Axes
  2742 | D:4      | Bought a scorched hand crossbow for 178 gold pieces
  2742 | D:4      | Identified the +5 hand crossbow "Netot" {penet, *Drain rF++ Int+4 Dex-2} (You bought it in a shop on level 4 of the Dungeon)
  2801 | D:4      | Noticed Menkaure
  2811 | D:4      | Killed Menkaure
  2811 | D:4      | Reached skill level 1 in Crossbows
  2811 | D:4      | Reached XP level 7. HP: 61/61 MP: 7/7
  2918 | D:4      | Noticed FelipeSwartz's ghost (amateur DrWn)
  2929 | D:4      | Killed FelipeSwartz's ghost
  3169 | D:4      | Reached skill level 9 in Axes
  3280 | D:5      | Entered Level 5 of the Dungeon
  3304 | D:5      | Reached *** piety under Trog
  3311 | D:5      | Found a glowing drain.
  3351 | Sewer    | Entered a sewer
  3496 | D:5      | Gained mutation: Your flesh is cold resistant. (rC+) [mutagenic meat]
  3497 | D:5      | Gained mutation: You are weak. (Str -2) [mutagenic meat]
  3498 | D:5      | Lost mutation: Your spells are a little harder to cast, but a little more powerful. [mutagenic meat]
  3499 | D:5      | Gained mutation: You are clumsy. (Dex -2) [mutagenic meat]
  3500 | D:5      | Gained mutation: You have a pair of small horns on your head. [mutagenic meat]
  3583 | D:5      | Reached XP level 8. HP: 62/68 MP: 8/8
  3983 | D:5      | Reached skill level 10 in Axes
  3983 | D:5      | Reached skill level 5 in Crossbows
  4637 | D:6      | Found a sparkling altar of Nemelex Xobeh.
  4780 | D:6      | Found a staircase to the Ecumenical Temple.
  4819 | D:6      | Found a stormy altar of Qazlal.
  4876 | D:6      | Found an ancient bone altar of Kikubaaqudgha.
  4876 | D:6      | Found a sparkling altar of Nemelex Xobeh.
  4914 | D:6      | Reached skill level 11 in Axes
  4919 | D:6      | Gained mutation: You passively map the area around you. [Deep Dwarf growth]
  4919 | D:6      | Reached XP level 9. HP: 74/74 MP: 9/9
  4943 | D:6      | Found a hazy altar of Hepliaklqana.
  5504 | D:7      | Found a hide-covered altar of Uskayaw.
  5526 | D:7      | Reached **** piety under Trog
  5948 | D:8      | Gained mutation: You have sharp fingernails. [potion of beneficial mutation]
  6006 | D:8      | Gained mutation: You are partially covered in iridescent scales. (AC +2) [mutagenic meat]
  6007 | D:8      | Gained mutation: Armour fits poorly on your strangely shaped body. [mutagenic meat]
  6083 | D:8      | Received a gift from Trog
  6121 | D:8      | Reached skill level 12 in Axes
  6770 | D:8      | Found a glowing golden altar of the Shining One.
  6953 | D:9      | Reached XP level 10. HP: 81/81 MP: 10/10
  7051 | D:9      | Found a staircase to the Lair.
  7281 | D:9      | Reached skill level 13 in Axes
  7389 | D:9      | Found a staircase to the Orcish Mines.
  7612 | D:9      | Received a gift from Trog
  7920 | D:9      | Found a shimmering altar of Xom.
  8295 | Lair:1   | Entered Level 1 of the Lair of Beasts
  8297 | Lair:1   | Noticed ChocoTaco's ghost (journeyman OgBe)
  8318 | Lair:1   | Killed ChocoTaco's ghost
  8318 | Lair:1   | Reached skill level 14 in Axes
  8642 | Lair:1   | Noticed a spiny frog
  8657 | Lair:1   | HP: 3/81 [spiny frog (18)]
  8657 | Lair:1   | HP: 1/81 [hippogriff (2)]
  8658 | Lair:1   | Mangled by a spiny frog

Skill      XL: |  1  2  3  4  5  6  7  8  9 10 |
---------------+-------------------------------+-----
Axes           | 4 5 6 7 8 9 11 12 14 | 14.7
Crossbows      | 1 4 7 9 |  9.4
Fighting       | |  2.6
Armour         | |  2.1
Dodging        | |  2.1

Action                   |  1- 3 |  4- 6 |  7- 9 | 10-12 || total
-------------------------+-------+-------+-------+-------++-------
Melee: Hand axe          |   109 |   173 |   448 |   168 ||   898
       Headbutt          |       |       |    90 |    32 ||   122
Invok: Trog's Hand       |       |     5 |    14 |     6 ||    25
       Berserk           |       |     2 |    15 |     4 ||    21
       Burn Spellbooks   |       |       |     1 |       ||     1
Evoke: Wand              |     1 |       |     2 |     3 ||     6
  Use: Scroll            |       |     3 |     5 |    10 ||    18
       Potion            |       |     2 |     1 |       ||     3
 Stab: Sleeping          |     1 |       |       |       ||     1
       Distracted        |       |     1 |       |       ||     1
  Eat: Chunk             |     2 |     7 |    39 |    12 ||    60
       Pizza             |       |       |     1 |       ||     1
       Meat ration       |       |       |       |     2 ||     2
       Fruit             |       |       |       |     1 ||     1
Armor: Animal skin       |    31 |    11 |       |       ||    42
       Plate armour      |       |   104 |   202 |    59 ||   365
Dodge: Dodged            |    75 |    61 |   134 |    52 ||   322
Block: Buckler           |     4 |    17 |    46 |     9 ||    76
